 Dungeon Crawl Stone Soup version 0.29-a0-364-g921d912d32 (webtiles) character file.

Game seed: 3845797551596895004

73 Agony the Bolt Thrower (level 4, 0/38 HPs)
             Began as a Minotaur Hunter on Apr 30, 2022.
             Was an Initiate of Yredelemnul.
             Slain by an orc wizard
             ... wielding a +0 dagger
              (3 damage)
             ... on level 3 of the Dungeon.
             The game lasted 00:04:08 (2405 turns).

Agony the Bolt Thrower (Minotaur Hunter)            Turns: 2405, Time: 00:04:08

Health: 0/38       AC:  5    Str: 15    XL:     4   Next: 8%
Magic:  3/3        EV: 12    Int:  6    God:    Yredelemnul [......]
Gold:   203        SH:  0    Dex: 16    Spells: 3/3 levels left

rFire   . . .      SeeInvis .   a - +1 hand crossbow (freeze)
rCold   . . .      Faith    .   (no shield)
rNeg    . . .      Spirit   .   b - +0 leather armour
rPois   .          Reflect  .   (helmet restricted)
rElec   .          Harm     .   (no cloak)
rCorr   .          Rampage  .   k - +1 pair of gloves
Will    .....                   (no boots)
Stlth   ++........              (no amulet)
HPRegen 0.12/turn               (no ring)
MPRegen 0.08/turn               (no ring)

@: no status effects
A: horns 2, retaliatory headbutt
a: Renounce Religion, Recall Undead Harvest


You were on level 3 of the Dungeon.
You worshipped Yredelemnul.
Yredelemnul was noncommittal.
You visited 1 branch of the dungeon, and saw 3 of its levels.

You collected 203 gold pieces.

Inventory:

Hand Weapons
 a - a +1 hand crossbow of freezing (weapon)
Armour
 b - a +0 leather armour (worn)
 k - a +1 pair of gloves (worn)
Scrolls
 c - a scroll of immolation
 f - 2 scrolls of identify
 l - a scroll of holy word {unknown}
Potions
 d - a potion of degeneration
 e - 2 potions of berserk rage
 g - a potion of heal wounds
 h - a potion of mutation {unknown}
 i - a potion of curing {unknown}
 j - a potion of haste
 n - a potion of ambrosia


   Skills:
 + Level 3.1 Fighting
 + Level 4.7 Crossbows
 + Level 1.7 Armour
 * Level 3.1 Dodging
 + Level 1.5 Stealth


You had 3 spell levels left.
You didn't know any spells.
Your spell library contained the following spells:

 Spells                   Type           Power      Damage    Failure   Level
 Scorch                   Fire           0%         2d5       67%         2
 Flame Wave               Conj/Fire      0%         2d4       99%         4
 Summon Cactus Giant      Summ           0%         N/A       100%        6


Dungeon Overview and Level Annotations

Branches:
Dungeon (3/15)

Altars:
Yredelemnul


Innate Abilities, Weirdness & Mutations

You have a pair of horns on your head.
You reflexively headbutt those who attack you in melee.


Message History

A magic dart appears from out of thin air!
The magic dart hits you!
You miss something. Something hits you. Something hits you but does no damage.
You closely miss something. Something hits you.
You miss something.
You hear some strange, mumbled words.
You are confused.
You miss something. Something hits you. x2
You bump into the translucent rock wall.
Something hits you but does no damage.
You bump into the rock wall.
Something hits you.
You miss something. Your headbutt misses something.
Something hits you but does no damage.
You completely miss something. Your headbutt misses something.
You feel less confused. Something hits you.
You clumsily bash something but do no damage.
Something hits you.
You completely miss something. Something hits you. x2
You miss something. Something hits you but does no damage.
You clumsily bash something but do no damage.
Something hits you but does no damage.
You barely miss something.
You hear some strange, mumbled words.
A puff of flame appears from out of thin air!
The puff of flame hits you!
* * * LOW HITPOINT WARNING * * *
You clumsily bash something but do no damage.
You hear some strange, mumbled words.
A magic dart appears from out of thin air!
The magic dart hits you.
* * * LOW HITPOINT WARNING * * *
Something completely misses you.
You miss something. Your headbutt misses something.
Something hits you but does no damage.
You miss something. Your headbutt misses something.
Something hits you but does no damage.
You barely miss something. Something hits you.
You die...
Your body rises from the dead as a mindless zombie.

#.#.....<# *#.####*,#.#,#.*,*
#[###.#### *.# **#.#.#,*,*
#..##.# *.# #.#.#,*,* ##.##.#***
*.# #.#.#,*,* .#.##.#,,*******,*
### #.#.#,*,* ......#,,,,,,,,,,*
#.###.#.#,*,** ##.####,o.#####,**
#.##..#.#,*,,*
*###,,,,,.....)#####.##.##.#,**,*
,,,,,***,,**#..{@.......##.#,**,*
###***,#,** ##########.....#,,,,*
...,...#.#####........######*,,**
###*...........#####.## *,*,,*
*,,...####.#####.##.# *,,,**
*,,,_,* #.#####.##.# *,***
***,*** #.##....##.# *,* *,*
#.##.#####.# *,***** *,* #.##.#
#.# *,,,,,*


There were no monsters in sight!

Vanquished Creatures
  An orc wizard (D:3)
  A worm (D:2)
  6 orcs (D:3)
  5 endoplasms
  A giant cockroach (D:1)
  3 goblins (D:1)
  3 hobgoblins
  A kobold (D:1)
  A quokka (D:1)
  3 ball pythons
  4 bats
  4 frilled lizards (D:1)
  4 rats
37 creatures vanquished.

Vanquished Creatures (others)
  An orc zombie (D:3)
1 creature vanquished.

Grand Total: 38 creatures vanquished

Notes
Turn   | Place    | Note
-------+----------+-------------------------------------------
     0 | D:1      | Agony the Minotaur Hunter began the quest for the Orb.
     0 | D:1      | Reached XP level 1. HP: 18/18 MP: 0/0
    92 | D:1      | Reached skill level 1 in Stealth
    97 | D:1      | Reached XP level 2. HP: 25/25 MP: 1/1
   242 | D:1      | Reached skill level 1 in Armour
  1063 | D:2      | Reached XP level 3. HP: 15/30 MP: 2/2
  2221 | D:3      | Found a basalt altar of Yredelemnul.
  2228 | D:3      | Became a worshipper of Yredelemnul the Dark
  2380 | D:3      | Reached XP level 4. HP: 38/38 MP: 3/3
  2405 | D:3      | Slain by an orc wizard

Illustrated notes

Levels and vault maps discovered:
D:1:      minmay_arrival_semitransparent, layout_loops_cross
D:2:      layout_basic
D:3:      layout_loops_ring, old_standard_altar, basic_ecumenical_altar,
          serial_co_window_serial, co_window_paths_a, co_window_corner_a,
          co_window_paths_b, co_window_corner_a, co_window_paths_a,
          co_window_of_opportunity_a, co_window_cross_1, co_window_corner_a,
          co_window_paths_a, co_window_of_opportunity_c, co_window_2corner,
          co_window_2corner, co_window_of_opportunity_b, co_window_corner_cb,
          co_window_of_opportunity_b, co_window_paths_d, glass_columns_c,
          glass_columns_a, glass_columns_b, glass_columns_a, glass_columns_c

Skill      XL: |  1  2  3 |
---------------+----------+-----
Stealth        | 1 |  1.5
Armour         | 1 |  1.7
Fighting       | 3 |  3.1
Dodging        | 3 |  3.1
Crossbows      | |  4.7

Action                   |  1- 3 |  4- 6 || total
-------------------------+-------+-------++-------
Melee: Hand crossbow     |       |    18 ||    18
 Fire: Hand crossbow     |    81 |     3 ||    84
  Use: Scroll            |    10 |       ||    10
Armor: Leather armour    |     6 |     9 ||    15
Dodge: Dodged            |    16 |     2 ||    18

Table legend: (Time is in decaauts)
 A = Elapsed time spent in this place.
 B = Non-inter-level travel time spent in this place.
 C = Inter-level travel time spent in this place.
 D = Time resting spent in this place.
 E = Time spent auto-exploring this place.
 F = Levels seen in this place.
 G = Mean time per level.
                   A        B        C        D        E       F      G
               +--------+--------+--------+--------+--------+-----+--------+
         Total |   2433 |   2398 |     35 |    364 |   1740 |   3 |  811.0 |
       Dungeon |   2433 |   2398 |     35 |    364 |   1740 |   3 |  811.0 |
               +--------+--------+--------+--------+--------+-----+--------+

Top non-repeatable levels by time:
     D:2: 980 daAuts
     D:3: 921 daAuts
     D:1: 532 daAuts
